Description

afewwaefawfe

Build Order

Get SALT Encoding   

  12  0:01  SCV  
  13  0:13  SCV  
  14  0:16  Supply Depot  
  14  0:25  SCV  
  15  0:31  Refinery  
  15  0:38  SCV  
  16  0:44  Barracks  
  16  0:50  SCV  
  17  1:02  SCV  
  18  1:14  SCV  
  19  1:31  Orbital Command  
  19  1:32  Reaper  
  20  1:42  Command Center  
  20  1:53  Factory  
  20  1:58  SCV  
  21  2:03  Refinery  
  21  2:04  Supply Depot  
  21  2:11  SCV  
  21  2:14  Reaper  
  23  2:25  SCV  
  24  2:42  Hellion  
  27  2:45  Factory  
  27  2:57  Barracks Tech Lab  
  29  3:04  Orbital Command  
  30  3:09  Cyclone  
  34  3:20  Command Center  
  36  3:50  Factory Tech Lab  
  40  4:06  Supply Depot  
  41  4:12  Cyclone  
  49  4:47  Barracks Tech Lab, Refinery x2  
  50  4:56  Marine x2  
  54  5:11  Barracks  
  54  5:12  Stimpack, Siege Tank  
  54  5:13  Marine  
  54  5:14  Starport Reactor  
  61  5:29  Terran Infantry Weapons Level 1, Supply Depot  
  61  5:30  Marine  
  62  5:40  Barracks  
  62  5:51  Marauder  
  65  5:57  Siege Tank  
  65  5:58  Medivac x2, Marine x2  
  65  5:59  Barracks Reactor  
  65  6:02  Barracks  
  75  6:12  Marauder  
  75  6:16  Marine  
  78  6:25  Marine  
  78  6:28  Medivac  
  78  6:29  Barracks Reactor  
  81  6:34  Marauder  
  88  6:47  Siege Tank  
  88  6:51  Barracks Tech Lab  
  88  6:52  Medivac  
  93  6:55  Marauder  
  93  7:12  Combat Shields  
  93  7:15  Marauder x2  
  100  7:36  Marauder x2  
  104  7:47  Concussive Shells  
  104  7:48  Terran Infantry Armor Level 1  
  106  7:57  Marauder x2  
  111  8:26  Medivac, Siege Tank  
Spawning Tool Build Advisor. Get it on Overwolf

Go to:

Details

  • Created by: thedeadlymedic
  • Published on: May 19, 2018
  • Modified on: Jun 04, 2018
  • Patch: 4.0.0
Show
View Real Time Build Order
Export as new Build Order

Comments (0)

There are no comments. Be the first!

Create an account to comment!